 Dungeon Crawl Stone Soup version 0.30.0-29-ga12c61a403 (webtiles) character file.

Game seed: 15127465864478447941

111 qw the Chopper (level 4, -9/28 HPs)
             Began as a Gargoyle Fighter on June 5, 2023.
             Mangled by an ogre
             ... wielding a +0 giant club
              (21 damage)
             ... on level 3 of the Dungeon.
             The game lasted 00:01:13 (2120 turns).

qw the Chopper (Gargoyle Fighter)                   Turns: 2120, Time: 00:01:14

Health: -9/28      AC: 12    Str: 22    XL:     4   Next: 92%
Magic:  4/4        EV: 13    Int:  8    God:
Gold:   121        SH:  4    Dex:  9    Spells: 3/3 levels left

rFire   . . .        Y - +0 war axe
rCold   . . .        c - +0 buckler
rNeg    + . .        l - +0 chain mail
rPois   inf          (no helmet)
rElec   +            (no cloak)
rCorr   .            (no gloves)
SInv    .            (no boots)
Will    +....        (no amulet) Stlth
                     f - +5 ring of evasion
HPRegen 0.24/turn    g - ring of willpower
MPRegen 0.09/turn

%: no passive effects
@: no status effects
A: sickness immunity, AC +3, negative energy resistance 1, electricity
resistance, torment resistance 1, petrification resistance
a: no special abilities


You were on level 3 of the Dungeon.
You visited 1 branch of the dungeon, and saw 3 of its levels.

You collected 121 gold pieces.


Innate Abilities, Weirdness & Mutations

You are immune to sickness and miasma.
Your stone body is resilient. (AC +3)
You are immune to poison.
You resist negative energy. (rN+)
You are resistant to electric shocks. (rElec)
You are resistant to unholy torment.
You are immune to petrification.


   Skills:
 - Level 3.2 Fighting
 + Level 4.5 Axes
 - Level 3.2 Armour
 - Level 3.2 Shields


You had 3 spell levels left.
You didn't know any spells.
Your spell library was empty.

Inventory:

Hand Weapons
 a - a +0 whip
 Y - a +0 war axe (weapon)
Armour
 b - a +0 cloak
 c - a +0 buckler (worn)
 l - a +0 chain mail (worn)
Jewellery
 f - a +5 ring of evasion (left hand)
 g - a ring of willpower (right hand)
Scrolls
 i - a scroll of amnesia {unknown}
 n - a scroll of noise {unknown}
 o - a scroll of immolation {unknown}
Potions
 d - 2 potions of might
 e - a potion of cancellation {unknown}
 h - 2 potions of curing {unknown}
 j - a potion of mutation {unknown}
 k - a potion of haste {unknown}
 m - a potion of magic {unknown}
 p - a potion of ambrosia {unknown}

Dungeon Overview and Level Annotations

Branches:
Dungeon (3/15)

Altars:
Ashenzari
Elyvilon
Gozag
Makhleb
Yredelemnul


Message History

Found 12 large rocks.
Enter note:
Enter note:
Enter note:
Enter note:
Enter note:
Enter note:
Enter note:
Enter note:
Enter note: You hit the goblin.
You kill the goblin!
You barely miss the goblin. The goblin barely misses you.
You barely miss the goblin. The goblin barely misses you.
The goblin misses you.
You hit the goblin.
You kill the goblin!
You barely miss the goblin. The goblin hits you but does no damage.
The goblin completely misses you.
You hit the goblin.
The goblin is severely wounded.
You slash the goblin!
You kill the goblin!
The goblin hits you but does no damage.
You slash the goblin!
You kill the goblin!
You hit the goblin.
You kill the goblin!
The goblin unwields a +0 club.
The goblin wields a +0 sling.
The goblin shoots a sling bullet.
The sling bullet closely misses you. The ogre hits you with a +0 giant club!
Ouch! That really hurt!
You slash the ogre!
The ogre is moderately wounded.
You barely miss the ogre.
The ogre is moderately wounded.
The ogre hits you with a +0 giant club!!
Ouch! That really hurt!
You die...

#..........# #......>...#
#..........# #..........#
###..........# ####
#............# .. ... ###
#.#..........# . #..
#(.g#)####.####### #
#.######..gO@# ##.# .#
#.#....#..g### #..# .##
#.#....### #.## ..###.#.....#
###.#### ....%......# #......#
....#......#######......#
..............).##......#
..........#####.........#
#.....#......####......)########


You could see an ogre and 3 goblins.

Vanquished Creatures
  Terence (D:2)
  2 adders (D:2)
  A worm (D:3)
  2 dart slugs
  6 ball pythons
  7 endoplasms
  3 giant cockroaches (D:1)
  11 goblins
  5 hobgoblins
  2 quokkas
  5 bats
  3 frilled lizards (D:1)
  A kobold (D:1)
  9 rats
58 creatures vanquished.

Notes
Turn   | Place    | Note
-------+----------+-------------------------------------------
     0 | D:1      | qw the Gargoyle Fighter began the quest for the Orb.
     0 | D:1      | Reached XP level 1. HP: 14/14 MP: 1/1
     0 | D:1      | 0 ||| qw: Version: 0.2-a-108-gee2c290
     0 | D:1      | 0 ||| qw: Game counter: 1376
     0 | D:1      | 0 ||| qw: Always use a shield: true
     0 | D:1      | 0 ||| qw: God list: Okawaru
     0 | D:1      | 0 ||| qw: Allow faded altars: false
     0 | D:1      | 0 ||| qw: Do Orc after D:15 true
     0 | D:1      | 0 ||| qw: Do second Lair branch before Depths: true
     0 | D:1      | 0 ||| qw: Lair rune preference: random
     0 | D:1      | 0 ||| qw: Plans: Normal, Zot:1-4, Slime:5, God:TSO, Crypt,
                  | Tomb, Abyss, Pan, Hells, Win
     0 | D:1      | 0 ||| PLANNING D:1-11
   146 | D:1      | Reached skill level 2 in Axes
   165 | D:1      | 165 ||| Stepping ~*~*~tactically~*~*~ (stealth).
   167 | D:1      | 167 ||| Stepping ~*~*~tactically~*~*~ (stealth).
   230 | D:1      | Reached XP level 2. HP: 18/19 MP: 2/2
   306 | D:1      | 306 ||| Stepping ~*~*~tactically~*~*~ (stealth).
   383 | D:1      | 383 ||| Stepping ~*~*~tactically~*~*~ (stealth).
   386 | D:1      | 386 ||| Stepping ~*~*~tactically~*~*~ (stealth).
   520 | D:1      | Reached skill level 3 in Axes
   530 | D:1      | 530 ||| Stepping ~*~*~tactically~*~*~ (hiding).
   669 | D:1      | Reached XP level 3. HP: 23/23 MP: 3/3
   984 | D:1      | 984 ||| UPGRADING to +5 ring of evasion.
   985 | D:1      | 985 ||| UPGRADING to ring of willpower.
   986 | D:1      | 986 ||| READING scroll labelled YLOIBL TAIMUF.
  1107 | D:2      | 1107 ||| Stepping ~*~*~tactically~*~*~ (stealth).
  1108 | D:2      | 1108 ||| Stepping ~*~*~tactically~*~*~ (stealth).
  1109 | D:2      | 1109 ||| Stepping ~*~*~tactically~*~*~ (stealth).
  1110 | D:2      | 1110 ||| Stepping ~*~*~tactically~*~*~ (stealth).
  1160 | D:2      | 1160 ||| Stepping ~*~*~tactically~*~*~ (stealth).
  1186 | D:2      | 1186 ||| DROPPING +0 club.
  1190 | D:2      | 1190 ||| Stepping ~*~*~tactically~*~*~ (stealth).
  1192 | D:2      | 1192 ||| Stepping ~*~*~tactically~*~*~ (hiding).
  1260 | D:2      | 1260 ||| Stepping ~*~*~tactically~*~*~ (hiding).
  1380 | D:2      | Reached XP level 4. HP: 28/28 MP: 4/4
  1465 | D:2      | Found a burning altar of Makhleb.
  1621 | D:2      | Noticed Terence
  1637 | D:2      | Killed Terence
  1638 | D:2      | Reached skill level 4 in Axes
  1728 | D:2      | 1728 ||| UPGRADING to +0 chain mail.
  1738 | D:2      | 1738 ||| DROPPING +0 scale mail.
  1739 | D:2      | 1739 ||| READING scroll labelled VIKOD NEUMASH.
  1740 | D:2      | 1740 ||| READING scroll labelled UTYAPID VUZEO.
  1756 | D:3      | Found a faded altar of an unknown god.
  1801 | D:3      | Found a broken altar of Ashenzari.
  1848 | D:3      | 1848 ||| Stepping ~*~*~tactically~*~*~ (stealth).
  1849 | D:3      | 1849 ||| Stepping ~*~*~tactically~*~*~ (stealth).
  1943 | D:3      | Found an opulent altar of Gozag.
  1955 | D:3      | Found a white marble altar of Elyvilon.
  1973 | D:3      | Found a basalt altar of Yredelemnul.
  2110 | D:3      | Noticed an ogre
  2120 | D:3      | Mangled by an ogre

Levels and vault maps discovered:
D:1:      dpeg_arrival_windows_large_door, layout_basic
D:2:      layout_basic, basic_altar, uniq_terence
D:3:      layout_rooms, mainiacjoe_overflow_small_starburst,
          gammafunk_temple_overflow_forgotten,
          dreamdust_ecumenical_altar_statues, minmay_ogre_servants

Skill      XL: |  1  2  3  4 |
---------------+-------------+-----
Axes           | 2 3 4 |  4.5
Fighting       | |  3.2
Armour         | |  3.2
Shields        | |  3.2

Action                     |  1- 3 |  4- 6 || total
---------------------------+-------+-------++-------
  Melee: War axe           |   108 |    73 ||   181
    Use: Scroll            |     1 |     2 ||     3
 Armour: Scale mail        |    54 |     9 ||    63
         Chain mail        |       |     9 ||     9
  Dodge: Dodged            |    61 |    56 ||   117
  Block: Buckler           |    25 |    14 ||    39

Table legend:
 A = Non-vault XP
 B = Vault XP
 C = Vault XP percentage of total XP
 D = Non-vault monster count
 E = Vault monster count
 F = Vault count percentage of total count
                 A         B        C        D         E       F
            +---------+---------+-------+---------+---------+-------
      Total |     113 |      46 |  28.9 |      52 |       6 |  10.3
            +---------+---------+-------+---------+---------+-------
        D:1 |      40 |       0 |   0.0 |      23 |       0 |   0.0
        D:2 |      54 |      36 |  40.0 |      18 |       1 |   5.3
        D:3 |      19 |      10 |  34.5 |      11 |       5 |  31.2
            +---------+---------+-------+---------+---------+-------
